 Dungeon Crawl Stone Soup version 0.30.0-29-ga12c61a403 (webtiles) character file.

Game seed: 5977927089207548460

3953 Graphine the Nimble (level 10, -3/76 HPs)
             Began as a Gnoll Wanderer on June 17, 2023.
             Killed from afar by a smoke demon (29 damage)
             ... with a ball of steam
             ... summoned by a kobold demonologist
             ... on level 6 of the Dungeon.
             The game lasted 00:19:48 (7365 turns).

Graphine the Nimble (Gnoll Wanderer)                Turns: 7365, Time: 00:19:51

Health: -3/76      AC:  6    Str: 10    XL:     10   Next: 21%
Magic:  16/21      EV: 15    Int: 24    God:
Gold:   297        SH:  0    Dex: 13    Spells: 18/23 levels left

rFire   . . .        r - +5 dagger of the Weasel {freeze, Int+8}
rCold   . . .        (no shield)
rNeg    . . .        d - +3 leather armour
rPois   +            (no helmet)
rElec   .            j - scarf {+Inv}
rCorr   .            (no gloves)
SInv    .            (no boots)
Will    .....        (no amulet)
Stlth   +++          t - ring of poison resistance
HPRegen 0.32/turn    (no ring)
MPRegen 0.17/turn

%: no passive effects
@: brilliant
A: fangs 1, strong nose, distributed training
a: Evoke Invisibility


You were on level 6 of the Dungeon.
You visited 1 branch of the dungeon, and saw 6 of its levels.

You collected 310 gold pieces.
You spent 13 gold pieces at shops.

Inventory:

Hand Weapons
 p - a +0 quarterstaff
 r - the +5 dagger of the Weasel (weapon) {freeze, Int+8}
   (You took it off a gnoll on level 4 of the Dungeon)

   Int:       It affects your intelligence (+8).
 s - a +2 morningstar of venom
Missiles
 f - a throwing net
Armour
 d - a +3 leather armour (worn)
 j - a scarf of invisibility (worn)
Jewellery
 t - a ring of poison resistance (left hand)
 y - an amulet of guardian spirit
Wands
 n - a wand of light (5)
 u - a wand of iceblast (13)
 w - a wand of polymorph (10)
 x - a wand of flame (14)
Scrolls
 b - 2 scrolls of fog
 e - 5 scrolls of teleportation
 h - 3 scrolls of magic mapping
 i - a scroll of enchant weapon {unknown}
 k - a scroll of immolation
 m - 2 scrolls of amnesia
 B - a scroll of identify
 C - a scroll of fear
Potions
 a - 3 potions of attraction
 c - a potion of curing
 g - a potion of degeneration
 l - a potion of lignification
 q - a potion of magic {unknown}
 v - a potion of berserk rage {unknown}
 z - a potion of flight {unknown}
 A - a potion of haste {unknown}


   Skills:
 + Level 5.9 Fighting
 + Level 5.2 Short Blades
 + Level 5.2 Long Blades
 + Level 5.2 Axes
 + Level 5.2 Maces & Flails
 + Level 5.2 Polearms
 + Level 5.2 Staves
 + Level 5.2 Ranged Weapons
 + Level 5.2 Throwing
 + Level 5.2 Armour
 + Level 8.5 Dodging
 + Level 5.8 Stealth
 + Level 5.2 Shields
 + Level 5.2 Unarmed Combat
 + Level 7.3 Spellcasting
 + Level 4.3 Conjurations
 + Level 5.8 Hexes
 + Level 4.3 Summonings
 + Level 4.3 Necromancy
 + Level 4.3 Translocations
 + Level 4.3 Transmutations
 + Level 4.3 Fire Magic
 + Level 4.3 Ice Magic
 + Level 4.3 Air Magic
 + Level 4.3 Earth Magic
 + Level 4.3 Poison Magic
 + Level 5.8 Invocations
 + Level 5.9 Evocations


You had 18 spell levels left.
You knew the following spells:

 Your Spells              Type           Power      Damage    Failure   Level
a - Slow                  Hex            100%       N/A       1%          1
b - Necrotise             Necr           100%       1d9       1%          1
c - Vampiric Draining     Necr           44%        2d9       4%          3

Your spell library contained the following spells:

 Spells                   Type           Power      Damage    Failure   Level
 Dazzling Flash           Conj/Hex       100%       N/A       3%          3
 Agony                    Necr           44%        N/A       38%         5


Dungeon Overview and Level Annotations

Branches:
Dungeon (6/15)
 Temple: D:4-7

Altars:
Dithmenos
Vehumet
Xom

Shops:
D:4 !


Innate Abilities, Weirdness & Mutations

You have very sharp teeth.
Your uncanny sense of smell can sniff out nearby items.
Your experience applies equally to all skills.


Message History

You draw life force from the kobold demonologist.
You feel life coursing into your body.
You are engulfed in a cloud of scalding steam.
The kobold demonologist looks braver for a moment.
The smoke demon hits you. The smoke demon misses you.
The smoke demon hits you but does no damage.
Casting: Vampiric Draining (dangerous; 4% risk of failure)
Confirm with . or Enter, or press ? or * to list all spells.
Aiming: Vampiric Draining (dangerous; 4% risk of failure)
Press: ? - help, Shift-Dir - straight line, f/p - kobold demonologist
Aim: a kobold demonologist, wielding a +0 falchion and wearing a +0 robe (moderately wounded)
Okay, then.
Aiming: Bolt of Light
Press: ? - help, Shift-Dir - straight line, f - ice devil, p - kobold demonologist
Aim: an ice devil (summoned, 74% to hit)
The bolt of light misses the kobold demonologist.
The bolt of light hits the ice devil.
The ice devil is lightly wounded.
The ice devil is blinded.
The kobold demonologist casts a spell.
The smoke demon hits you but does no damage.
The smoke demon hits you. The smoke demon misses you.
Aiming: Iceblast
Press: ? - help, Shift-Dir - straight line, f/p - ice devil
Aim: an ice devil (lightly wounded, summoned, wandering, blind, hasn't noticed you)
Okay, then.
Aiming: Bolt of Light
Press: ? - help, Shift-Dir - straight line, f - crimson imp, p - ice devil
Aim: a crimson imp (summoned, 60% to hit)
The bolt of light hits the kobold demonologist!!
The kobold demonologist is almost dead.
The kobold demonologist is blinded.
The bolt of light hits the ice devil!
The ice devil is heavily wounded.
The bolt of light hits the crimson imp!
You kill the crimson imp!
The crimson imp disappears in a puff of smoke!
The kobold demonologist hits you with a +0 falchion.
The smoke demon gestures at you. The ball of steam hits you!!
You die...

................†.............#
~~~~~~~≈~~~~~~≈~~~≈≈~~~~~~....#
≈≈≈≈~~≈≈≈≈≈≈≈≈≈≈≈≈≈≈≈~≈≈≈~....#
≈≈~~~)~~~~≈~~†~~~~~#####≈≈)...#
...................#.O.#≈~....#
####################...#≈≈....#
....##........'....#'###≈≈....#
###########'###....#.#.~≈~..).#
............#.#.@3.#.#.~≈≈....#
............#.##K### #.~≈~.(..#
............#.#4.... #.~~~....#
..)..)......'.#§.....#.~≈~..P.#
####################.#.≈≈~....#
..#....#...... .#.~≈≈....#
..'....'...... '.#.≈≈~....#
..#....#...... #'###≈~....#
###'')'#############...#≈≈....#


You could see an ice devil (summoned, wandering, blind), a kobold demonologist
(blind) and a smoke demon (summoned).

Vanquished Creatures
  A wyvern (D:6)
  A warg (D:6)
  A water moccasin (D:6)
  3 ice beasts
  4 orc warriors
  13 ogres (D:6)
  4 kobold brigands
  A bullfrog (D:6)
  A gnoll sergeant (D:6)
  2 scorpions
  8 howler monkeys (D:6)
  11 hounds
  A gnoll bouda (D:6)
  7 orc priests (D:6)
  Ijyb (D:4)
  2 iguanas
  2 sleepcaps
  2 orc wizards
  15 gnolls
  3 adders
  2 white imps
  An ufetubus (D:5)
  2 worms
  12 orcs
  5 bats
  3 endoplasms (D:2)
  5 giant cockroaches
  5 goblins
  8 hobgoblins
  2 jackals (D:2)
  5 quokkas
  7 ball pythons
  3 frilled lizards
  10 kobolds
  7 rats
160 creatures vanquished.

Notes
Turn   | Place    | Note
-------+----------+-------------------------------------------
     0 | D:1      | Graphine the Gnoll Wanderer began the quest for the Orb.
     0 | D:1      | Graphine set off with the following items: a +0 dagger, a
                  | scroll of fog, a potion of curing, a +2 leather armour; and
                  | the following spell memorised: Slow; and the following
                  | spells available to memorise: Dazzling Flash.
     0 | D:1      | Reached XP level 1. HP: 17/17 MP: 6/6
    33 | D:1      | Learned a level 1 spell: Necrotise
   160 | D:1      | Reached XP level 2. HP: 23/23 MP: 5/7
   784 | D:1      | Reached skill level 5 in Spellcasting
   784 | D:1      | Reached XP level 3. HP: 28/28 MP: 7/9
  1009 | D:2      | Found a shadowy altar of Dithmenos.
  1091 | D:2      | Reached skill level 1 in Invocations
  1418 | D:2      | Reached skill level 1 in Short Blades
  1418 | D:2      | Reached skill level 1 in Long Blades
  1418 | D:2      | Reached skill level 1 in Axes
  1418 | D:2      | Reached skill level 1 in Maces & Flails
  1418 | D:2      | Reached skill level 1 in Polearms
  1418 | D:2      | Reached skill level 1 in Staves
  1418 | D:2      | Reached skill level 1 in Ranged Weapons
  1418 | D:2      | Reached skill level 1 in Throwing
  1418 | D:2      | Reached skill level 1 in Armour
  1418 | D:2      | Reached skill level 1 in Shields
  1418 | D:2      | Reached skill level 1 in Unarmed Combat
  1760 | D:3      | Reached XP level 4. HP: 26/34 MP: 11/11
  2501 | D:4      | Found Inwuzapp's Distillery.
  2506 | D:4      | Bought a potion of degeneration for 13 gold pieces
  2511 | D:4      | Reached skill level 1 in Conjurations
  2511 | D:4      | Reached skill level 1 in Summonings
  2511 | D:4      | Reached skill level 1 in Necromancy
  2511 | D:4      | Reached skill level 1 in Translocations
  2511 | D:4      | Reached skill level 1 in Transmutations
  2511 | D:4      | Reached skill level 1 in Fire Magic
  2511 | D:4      | Reached skill level 1 in Ice Magic
  2511 | D:4      | Reached skill level 1 in Air Magic
  2511 | D:4      | Reached skill level 1 in Earth Magic
  2511 | D:4      | Reached skill level 1 in Poison Magic
  2545 | D:4      | Noticed an ice beast
  2645 | D:4      | Killed an ice beast
  2646 | D:4      | Reached XP level 5. HP: 33/41 MP: 12/12
  2710 | D:4      | Identified the +5 dagger of the Weasel {freeze, Int+8}
  2806 | D:4      | Reached XP level 6. HP: 28/47 MP: 13/13
  3009 | D:4      | Learned a level 3 spell: Vampiric Draining
  3045 | D:4      | Noticed Ijyb
  3046 | D:4      | Found a radiant altar of Vehumet.
  3072 | D:4      | Killed Ijyb
  3565 | D:5      | Entered Level 5 of the Dungeon
  3582 | D:5      | Reached skill level 7 in Dodging
  3582 | D:5      | Reached XP level 7. HP: 50/52 MP: 15/15
  4495 | D:6      | Reached XP level 8. HP: 49/60 MP: 16/16
  4560 | D:6      | Reached skill level 5 in Hexes
  4577 | D:6      | Reached XP level 9. HP: 24/66 MP: 0/18
  5368 | D:6      | Reached skill level 5 in Fighting
  5368 | D:6      | Reached skill level 5 in Evocations
  5451 | D:6      | Reached skill level 5 in Stealth
  5588 | D:6      | Reached skill level 8 in Dodging
  5826 | D:6      | Found a shimmering altar of Xom.
  5930 | D:6      | Reached skill level 5 in Invocations
  6608 | D:6      | Reached skill level 5 in Short Blades
  6608 | D:6      | Reached skill level 5 in Long Blades
  6608 | D:6      | Reached skill level 5 in Axes
  6608 | D:6      | Reached skill level 5 in Maces & Flails
  6608 | D:6      | Reached skill level 5 in Polearms
  6608 | D:6      | Reached skill level 5 in Staves
  6608 | D:6      | Reached skill level 5 in Ranged Weapons
  6608 | D:6      | Reached skill level 5 in Throwing
  6608 | D:6      | Reached skill level 5 in Armour
  6608 | D:6      | Reached skill level 5 in Shields
  6608 | D:6      | Reached skill level 5 in Unarmed Combat
  6608 | D:6      | Reached XP level 10. HP: 50/76 MP: 20/20
  7351 | D:6      | Noticed a kobold demonologist
  7358 | D:6      | Noticed a smoke demon
  7365 | D:6      | Killed from afar by a smoke demon

Illustrated notes

Levels and vault maps discovered:
D:1:      heliophobic_arrival_battle_scene, layout_basic
D:2:      layout_loops_ring, basic_altar, grunt_ministairs_1
D:3:      layout_loops_ring
D:4:      layout_basic, nicolae_vehumet_radiance, serial_shops,
          kennysheep_little_box, uniq_ijyb
D:5:      kennysheep_big_flooded_room, layout_loops_ring
D:6:      lemuel_castle_with_subvaults [lemuel_castle_interior_carwin_1],
          layout_loops_ring, mainiacjoe_overflow_boulevard, roderic_lattice_a,
          roderic_batcave

Skill      XL: |  1  2  3  4  5  6  7  8  9 |
---------------+----------------------------+-----
Spellcasting   | 5 6 7 |  7.3
Invocations    | 1 2 3 4 5 |  5.8
Short Blades   | 1 2 3 5 |  5.2
Long Blades    | 1 2 3 5 |  5.2
Axes           | 1 2 3 5 |  5.2
Maces & Flails | 1 2 3 5 |  5.2
Polearms       | 1 2 3 5 |  5.2
Staves         | 1 2 3 5 |  5.2
Ranged Weapons | 1 2 3 5 |  5.2
Throwing       | 1 2 3 5 |  5.2
Armour         | 1 2 3 5 |  5.2
Shields        | 1 2 3 5 |  5.2
Unarmed Combat | 1 2 3 5 |  5.2
Conjurations   | 1 2 3 4 |  4.3
Summonings     | 1 2 3 4 |  4.3
Necromancy     | 1 2 3 4 |  4.3
Translocations | 1 2 3 4 |  4.3
Transmutations | 1 2 3 4 |  4.3
Fire Magic     | 1 2 3 4 |  4.3
Ice Magic      | 1 2 3 4 |  4.3
Air Magic      | 1 2 3 4 |  4.3
Earth Magic    | 1 2 3 4 |  4.3
Poison Magic   | 1 2 3 4 |  4.3
Fighting       | 3 4 5 |  5.9
Hexes          | 4 5 |  5.8
Evocations     | 3 4 5 |  5.9
Stealth        | 3 4 5 |  5.8
Dodging        | 7 8 |  8.5

Action                     |  1- 3 |  4- 6 |  7- 9 | 10-12 || total
---------------------------+-------+-------+-------+-------++-------
  Melee: Dagger            |   194 |   107 |   316 |    38 ||   655
         Bite              |    19 |    15 |    32 |     8 ||    74
         Morningstar       |       |    35 |       |       ||    35
         Quarterstaff      |       |     6 |       |       ||     6
         Punch             |       |     1 |     8 |     2 ||    11
         Unarmed           |       |     5 |       |       ||     5
   Cast: Slow              |    40 |     7 |     5 |    10 ||    62
         Necrotise         |       |     2 |     9 |       ||    11
         Vampiric Draining |       |       |    31 |     5 ||    36
  Evoke: Wand              |       |       |    10 |     5 ||    15
    Use: Scroll            |     8 |     6 |     2 |       ||    16
         Potion            |       |     2 |     4 |     1 ||     7
   Stab: Sleeping          |     8 |     4 |     3 |     1 ||    16
         Distracted        |       |       |     1 |     1 ||     2
 Armour: Leather armour    |    66 |    41 |    62 |     9 ||   178
  Dodge: Dodged            |   112 |    84 |   206 |    14 ||   416
